 Dungeon Crawl Stone Soup version 0.32-a0-994-gabb26cbae4 (webtiles) character file.

Game seed: 4189316211040464243

36705 Revguard the Fighter (level 13, 0/141 HPs)
             Began as a Black Draconian Shapeshifter on Apr 22, 2024.
             Was an Elder of Wu Jian.
             Killed by an exploding eight-headed hydra (38 damage)
             ... ignited by their inner flame
             ... on level 14 of the Dungeon.
             The game lasted 00:50:24 (18170 turns).

Revguard the Fighter (DrSh)                        Turns: 18170, Time: 00:50:25

Health: 0/141      AC:  9    Str: 22    XL:     13   Next: 54%
Magic:  19/22      EV: 27    Int: 10    God:    Wu Jian [****..]
Gold:   292        SH:  0    Dex: 16    Spells: 12/12 levels left

rFire   . .          .
                       - Unarmed
rCold   . . .        (shield currently unavailable)
rNeg    . . .        (body armour unavailable)
rPois   +            D - melded +2 hat
rElec   .            t - melded +2 cloak {Will+}
rCorr   .            e - melded +0 pair of gloves
SInv    +            v - melded +0 pair of boots
Will    .....        F - amulet of the acrobat
Stlth   ++++         k - ring of magical power
HPRegen 0.43/turn    h - ring of see invisible
MPRegen 0.18/turn

%: random rage (3%), acrobat
@: snake-form, acrobatic, studying Maces & Flails, serpent's lash
A: constrict, boosted hp, (galvanic breath), AC +8, large, unfitting armour,
(electricity resistance), (cold-blooded), berserk 1, MP-powered wands
a: Begin Untransformation, Renounce Religion, Wall Jump, Serpent's Lash


You were on level 14 of the Dungeon.
You worshipped Wu Jian.
Wu Jian was greatly pleased with you.
You were an enormous serpent.
You visited 2 branches of the dungeon, and saw 15 of its levels.

You collected 957 gold pieces.
You spent 665 gold pieces at shops.

Inventory:

Armour
 e - a +0 pair of gloves (melded)
 j - a scarf of repulsion
 t - a +2 cloak of willpower (melded)
 v - a +0 pair of boots (melded)
 D - a +2 hat (melded)
Jewellery
 b - a ring of protection from cold
 h - a ring of see invisible (right hand)
 k - a ring of magical power (left hand)
 p - a +6 ring of intelligence
 s - an amulet of magic regeneration
 F - an amulet of the acrobat (around neck)
Talismans
 c - a flux talisman
 B - a serpent talisman (active)
Wands
 y - a wand of iceblast (1)
 A - a wand of flame (27)
 E - a wand of mindburst (4)
Scrolls
 a - 4 scrolls of enchant armour
 f - a scroll of enchant weapon
 g - 7 scrolls of revelation
 l - a scroll of poison
 n - a scroll of fog
 x - a scroll of torment
 z - 3 scrolls of noise
Potions
 i - 4 potions of curing
 m - a potion of attraction
 o - 4 potions of magic
 q - a potion of haste
 r - a potion of berserk rage
 u - 2 potions of resistance
 w - a potion of enlightenment
 C - a potion of ambrosia
 I - a potion of lignification


   Skills:
 * Level 12.2 Fighting
 + Level 7.8 Dodging
 + Level 7.8 Stealth
 * Level 11.6 Unarmed Combat
 + Level 7.9 Evocations
 * Level 10.8 Shapeshifting


You had 12 spell levels left.
You didn't know any spells.
Your spell library contained the following spells:

 Spells                   Type           Power      Damage    Failure   Level
 Call Imp                 Summ           0%         N/A       50%         2
 Lesser Beckoning         Tloc           0%         N/A       50%         2
 Sublimation of Blood     Necr           0%         N/A       50%         2
 Maxwell's Portable Pile  Tloc           0%         2d(5-13)  75%         3
 Teleport Other           Tloc           0%         N/A       75%         3
 Summon Hydra             Summ           0%         N/A       100%        7


Dungeon Overview and Level Annotations

Branches:
Dungeon (14/15)            Temple (1/1) D:6            Lair (0/5) D:9
    Orc (0/2) D:9          Vaults (0/5) D:13

Altars:
Ashenzari
Cheibriados
Dithmenos
Elyvilon
Fedhas
Gozag
Hepliaklqana
Kikubaaqudgha
Makhleb
Nemelex Xobeh
Okawaru
Qazlal
Ru
Sif Muna
Trog
Uskayaw
Vehumet
Wu Jian
Xom
Yredelemnul
Zin
The Shining One

Shops:
D:9 =   D:12 *


Innate Abilities, Weirdness & Mutations

You are an enormous serpent.
You have a powerful constriction melee attack.
Your maximum health is increased.
Your armour is entirely melded.
You are incapable of wielding weapons or throwing items.
((You can breathe arcing electricity.))
((Your glossy black scales are hard. (AC +8)))
You cannot fit into any form of body armour.
((You are resistant to electric shocks. (rElec)))
((You are cold-blooded and may be slowed by cold attacks.))
You sometimes lose your temper in combat.
You expend magic power (3 MP) to strengthen your wands.


Message History

The brown ugly thing basks in the mutagenic energy from its kin and changes!
You body-slam the eight-headed hydra!!
The eight-headed hydra is almost dead.
The eight-headed hydra misses you. The eight-headed hydra bites you.
The eight-headed hydra misses you. The eight-headed hydra bites you!
The eight-headed hydra bites you.
The eight-headed hydra barely misses you. x2
The eight-headed hydra bites you.
You barely miss the eight-headed hydra.
The eight-headed hydra is almost dead.
Okay, then.
Okay, then.
As you read the scroll of immolation, it crumbles to dust.
The creatures around you are filled with an inner flame!
The eight-headed hydra barely misses you.
The eight-headed hydra completely misses you.
The eight-headed hydra bites you.
The eight-headed hydra bites you but does no damage.
The eight-headed hydra bites you!
* * * LOW HITPOINT WARNING * * *
The eight-headed hydra barely misses you.
The eight-headed hydra completely misses you.
The eight-headed hydra barely misses you.
The brown ugly thing basks in the mutagenic energy from its kin and changes!
Your muscles tense, ready for explosive movement...
Aiming: Iceblast
Press: ? - help, Shift-Dir - straight line, f - eight-headed hydra
Aim: an eight-headed hydra (almost dead, inner flame)
You feel a surge of power!
The mass of ice explodes!
The iceblast engulfs the eight-headed hydra!!
The Council accepts your kill.
The iceblast engulfs the brown ugly thing!!
Flame seeps out of the brown ugly thing.
The brown ugly thing is moderately wounded.
The eight-headed hydra explodes!
The fiery explosion engulfs the brown ugly thing!!
Flame seeps out of the brown ugly thing.
The brown ugly thing is almost dead.
The fiery explosion engulfs you!!!
You die...

##### #...# ##...### .
#......# ..##### #......#
#..... #......# #
##..u.§##......###########
....u.u§○S........)....)..
....################...###
. ###.# # #.# # #.###
#.... ######..# #.......#
#........


You could see 3 ugly things.

Vanquished Creatures
  Gastronok (D:8)
  Azrael (D:12)
  The ghost of Zareu the Bludgeoner, a journeyman MDFi (D:13)
  Josephine (D:11)
  3 vault guards (D:13)
  A rakshasa (D:14)
  3 two-headed ogres
  Erica (D:11)
  A centaur warrior (D:12)
  3 hydras
  The ghost of arvianne the Toxicologist, a journeyman DrAl of Hepliaklqana (D:13)
  Nergalle (D:11)
  3 skeletal warriors (D:13)
  A deep elf pyromancer (D:13)
  2 necromancers (D:13)
  7 ugly things
  2 cyclopes (D:13)
  2 manticores
  A meliai (shapeshifter) (D:13)
  A centaur zombie (D:13)
  Joseph (D:10)
  5 gargoyles
  A komodo dragon (D:13)
  An unseen horror (D:12)
  A yaktaur (D:13)
  2 trolls
  A centaur simulacrum (D:14)
  5 slime creatures
  6 wraiths
  A water elemental (D:11)
  3 shadows
  3 vampires (D:13)
  A basilisk (D:9)
  2 fire elementals (D:12)
  13 yaks
  7 wyverns
  19 humans (D:13)
  2 steam dragons
  3 vampire mosquitoes (D:12)
  2 acid dragons
  4 hell hounds (D:12)
  A water moccasin (D:9)
  3 black bears
  2 orc warriors
  Duvessa (D:4)
  5 ogres
  3 ice beasts
  3 sky beasts
  2 phantoms
  4 centaurs
  4 kobold brigands
  3 bullfrogs
  3 gnoll sergeants
  A scorpion (D:5)
  Dowan (D:4)
  7 killer bees
  A troll zombie (D:9)
  2 electric eels (D:11)
  5 howler monkeys
  6 bombardier beetles
  A jelly (D:7)
  6 orc priests
  Crazy Yiuf (D:3)
  5 hounds
  A sleepcap (D:4)
  4 iguanas
  Natasha (twice) (D:3)
  8 orc wizards
  7 ogre zombies (D:9)
  36 gnolls
  6 adders
  3 shadow imps
  4 white imps
  4 ufetubi (D:6)
  3 dart slugs
  3 ribbon worms
  44 orcs
  8 endoplasms
  5 goblins
  4 hobgoblins
  12 jackals
  2 quokkas
  7 ball pythons (D:1)
  6 bats
  3 frilled lizards (D:2)
  3 gnoll skeletons (D:9)
  2 gnoll zombies (D:9)
  26 kobolds
  4 orc skeletons (D:9)
  16 orc zombies (D:9)
  8 rats
421 creatures vanquished.

Notes
Turn   | Place    | Note
-------+----------+-------------------------------------------
     0 | D:1      | Revguard the Draconian Shapeshifter began the quest for the
                  | Orb.
     0 | D:1      | Reached XP level 1. HP: 16/16 MP: 1/1
   116 | D:1      | Reached XP level 2. HP: 21/23 MP: 2/2
   566 | D:1      | Found a faded altar of an unknown god.
   698 | D:1      | Reached XP level 3. HP: 28/28 MP: 3/3
   935 | D:2      | Reached skill level 1 in Evocations
  1679 | D:3      | Reached skill level 1 in Stealth
  1679 | D:3      | Reached XP level 4. HP: 36/36 MP: 4/4
  1973 | D:3      | Reached skill level 2 in Fighting
  1973 | D:3      | Reached XP level 5. HP: 40/41 MP: 5/5
  1976 | D:3      | Noticed Natasha
  1998 | D:3      | Killed Natasha
  2154 | D:3      | Found a runed translucent door.
  2155 | D:3      | Noticed Crazy Yiuf
  2527 | D:3      | Noticed Natasha
  2540 | D:3      | Killed Natasha
  2823 | D:3      | Killed Crazy Yiuf
  3155 | D:4      | Reached XP level 6. HP: 50/50 MP: 6/6
  3303 | D:4      | Noticed Duvessa
  3303 | D:4      | Noticed Dowan
  3335 | D:4      | Gained mutation: You sometimes lose your temper in combat.
                  | [potion of mutation]
  3335 | D:4      | Gained mutation: You expend magic power (3 MP) to
                  | strengthen your wands. [potion of mutation]
  3344 | D:4      | Reached skill level 3 in Fighting
  3353 | D:4      | HP: 1/51 [sleepcap (3)]
  3615 | D:4      | Found a hide-covered altar of Uskayaw.
  3615 | D:4      | Found a radiant altar of Vehumet.
  3615 | D:4      | Found a blossoming altar of Fedhas.
  3619 | D:4      | Found a basalt altar of Yredelemnul.
  3903 | D:4      | Killed Dowan
  3909 | D:4      | Killed Duvessa
  3910 | D:4      | Your scales start taking on a glossy black colour.
  3910 | D:4      | Reached XP level 7. HP: 50/57 MP: 7/7
  3910 | D:4      | Gained mutation: You are resistant to electric shocks.
                  | (rElec) [Black Draconian growth]
  4305 | D:4      | Reached skill level 4 in Fighting
  4305 | D:4      | Reached skill level 5 in Unarmed Combat
  5289 | D:4      | Reached XP level 8. HP: 67/67 MP: 8/8
  5339 | D:5      | Entered Level 5 of the Dungeon
  5345 | D:5      | Reached skill level 5 in Shapeshifting
  6141 | D:5      | Reached skill level 5 in Fighting
  6835 | D:6      | Identified the +6 dagger of Nepox {flame, rPois Int-3 Dex+2
                  | SInv}
  7344 | D:6      | Reached XP level 9. HP: 75/75 MP: 9/9
  7550 | D:6      | Found a staircase to the Ecumenical Temple.
  7556 | Temple   | Entered the Ecumenical Temple
  7636 | Temple   | Became a worshipper of the Wu Jian Council
  7861 | D:7      | Reached skill level 6 in Fighting
  8841 | D:7      | Reached skill level 7 in Fighting
  9067 | D:8      | Reached * piety under Wu Jian
  9160 | D:8      | Noticed Gastronok
  9179 | D:8      | Killed Gastronok
  9180 | D:8      | Reached skill level 5 in Dodging
  9180 | D:8      | Reached skill level 5 in Evocations
  9180 | D:8      | Reached XP level 10. HP: 37/88 MP: 10/10
  9473 | D:8      | Noticed a gargoyle
  9480 | D:8      | Killed a gargoyle
  9561 | D:8      | Reached skill level 8 in Fighting
  9936 | D:8      | Reached skill level 5 in Stealth
 10579 | D:9      | Found a white marble altar of Elyvilon.
 10759 | D:9      | Found Exeh's Jewellery Shoppe.
 10814 | D:9      | Reached ** piety under Wu Jian
 10877 | D:9      | Found a staircase to the Orcish Mines.
 11048 | D:9      | Reached XP level 11. HP: 76/95 MP: 11/11
 11209 | D:9      | Reached *** piety under Wu Jian
 11216 | D:9      | Found a staircase to the Lair.
 11654 | D:9      | Bought a serpent talisman for 510 gold pieces
 11658 | D:10     | Entered Level 10 of the Dungeon
 11701 | D:10     | Noticed Joseph
 11714 | D:10     | Killed Joseph
 11715 | D:10     | Reached skill level 9 in Fighting
 11882 | D:10     | Noticed a two-headed ogre
 11892 | D:10     | Killed a two-headed ogre
 12791 | D:11     | Noticed Erica
 12807 | D:11     | Killed Erica
 13026 | D:11     | Found a radiant altar of Vehumet.
 13460 | D:11     | Noticed Nergalle
 13470 | D:11     | Killed Nergalle
 13554 | D:11     | Noticed a two-headed ogre
 13563 | D:11     | Killed a two-headed ogre
 13617 | D:11     | Noticed Josephine
 13630 | D:11     | Killed Josephine
 13631 | D:11     | Reached skill level 10 in Fighting
 14341 | D:12     | Noticed Azrael
 14341 | D:12     | Found Parastir's Assorted Antiques.
 14403 | D:12     | Noticed a brown ugly thing
 14416 | D:12     | Reached XP level 12. HP: 106/106 MP: 12/12
 14430 | D:12     | Reached skill level 10 in Unarmed Combat
 15005 | D:12     | Bought a potion of heal wounds for 155 gold pieces
 15070 | D:12     | Noticed a centaur warrior
 15081 | D:12     | Killed a centaur warrior
 15096 | D:12     | Reached **** piety under Wu Jian
 15181 | D:12     | Killed Azrael
 15569 | D:13     | Reached skill level 11 in Fighting
 16004 | D:13     | Reached skill level 10 in Shapeshifting
 16267 | D:13     | Found a gate to the Vaults.
 16267 | D:13     | Noticed a vault guard
 16267 | D:13     | Noticed a vault guard
 16267 | D:13     | Noticed a vault guard
 16275 | D:13     | Killed a vault guard
 16278 | D:13     | Killed a vault guard
 16279 | D:13     | Reached XP level 13. HP: 113/116 MP: 13/13
 16756 | D:13     | Found a runed translucent gate.
 16756 | D:13     | Found a runed translucent gate.
 16756 | D:13     | Found a runed translucent gate.
 16761 | D:13     | Noticed arvianne's ghost (journeyman DrAl)
 16761 | D:13     | Noticed Zareu's ghost (journeyman MDFi)
 16777 | D:13     | Killed Zareu's ghost
 16795 | D:13     | Killed arvianne's ghost
 17673 | D:14     | Reached skill level 12 in Fighting
 18170 | D:14     | Killed by an exploding eight-headed hydra... ignited by
                  | their inner flame

Illustrated notes

Levels and vault maps discovered:
D:1:      doesnt_arrival_eight_statues, layout_loops_ring,
          hellmonk_ecumenical_altar_inner_sanctum, st_stairs_13
D:2:      layout_loops_ring
D:3:      layout_loops_ring, minmay_vboxes, uniq_crazy_yiuf_cottage,
          uniq_natasha
D:4:      lemuel_castle_with_subvaults [lemuel_castle_interior_original],
          layout_basic, grunt_temple_overflow_cloverleaf, uniq_duvessa
D:5:      layout_basic
D:6:      layout_rooms, minmay_temple_entry_fiery, minmay_misc_feat_more_columns
D:7:      kennysheep_windowed_halls, layout_basic, chequers_jeans,
          kennysheep_generic_room_4
D:8:      layout_layer_cave, uniq_gastronok
D:9:      layout_small_grid, elyvilon_altar_5, david_lair_generic,
          zombieorc2_lemuel, serial_shops, shop
D:10:     layout_gridville, uniq_joseph
D:11:     layout_basic, nicolae_vehumet_altar_sigil, uniq_josephine,
          uniq_nergalle, uniq_erica
D:12:     layout_rooms, serial_shops, nicolae_shop_competitors_out_of_business,
          uniq_azrael
D:13:     layout_rooms, grunt_vaults_entry_tiered, serial_undead,
          serial_undead_e, serial_undead_b, serial_undead_e, serial_undead_c,
          gammafunk_ghost_cemetery
D:14:     layout_basic, minmay_misc_feat_square, nicolae_blasting_shop,
          skrybe_limestone_x, uniq_nessos
Temple:   minmay_crystal_spiral_temple

Skill      XL: |  1  2  3  4  5  6  7  8  9 10 11 12 13 |
---------------+----------------------------------------+-----
Dodging        | 2 3 4 5 6 7 |  7.8
Evocations     | 1 2 3 5 6 7 |  7.9
Stealth        | 1 2 3 4 5 6 7 |  7.8
Fighting       | 2 3 4 5 7 8 10 11 12 | 12.2
Unarmed Combat | 4 5 6 7 8 9 11 | 11.6
Shapeshifting  | 4 5 7 8 9 10 | 10.8

Action                     |  1- 3 |  4- 6 |  7- 9 | 10-12 | 13-15 || total
---------------------------+-------+-------+-------+-------+-------++-------
  Melee: Unarmed           |   116 |   187 |   381 |   784 |   127 ||  1595
         Tailslap          |     7 |    22 |    47 |   140 |       ||   216
         Punch             |     3 |     3 |    15 |       |       ||    21
         Constrict         |       |       |       |       |    20 ||    20
 Invoke: Serpent's Lash    |       |       |       |     3 |     2 ||     5
Ability: Galvanic Breath   |       |       |     5 |     5 |       ||    10
         Lunge             |       |       |     7 |    57 |     9 ||    73
         Whirlwind         |       |       |       |   324 |    21 ||   345
         Wall Jump         |       |       |       |     5 |       ||     5
  Evoke: Wand              |       |       |    12 |     8 |     4 ||    24
    Use: Scroll            |     3 |     2 |    13 |    13 |     2 ||    33
         Potion            |     1 |     6 |     2 |     8 |     2 ||    19
   Stab: Sleeping          |     2 |     2 |     6 |     1 |       ||    11
         Distracted        |       |       |     1 |     1 |       ||     2
 Armour: Skin              |    89 |   120 |   252 |   313 |    91 ||   865
  Dodge: Dodged            |    87 |    84 |   233 |   436 |    62 ||   902
   Form: Flux              |       |       |       |     1 |       ||     1
         Serpent           |       |       |       |       |     1 ||     1

Table legend: (Time is in decaauts)
 A = Elapsed time spent in this place.
 B = Non-inter-level travel time spent in this place.
 C = Inter-level travel time spent in this place.
 D = Time resting spent in this place.
 E = Time spent auto-exploring this place.
 F = Levels seen in this place.
 G = Mean time per level.
                   A        B        C        D        E       F      G
               +--------+--------+--------+--------+--------+-----+--------+
         Total |  18294 |  17642 |    652 |   2695 |  11678 |  15 | 1219.6 |
       Dungeon |  18138 |  17639 |    499 |   2695 |  11678 |  14 | 1295.6 |
        Temple |    155 |      2 |    153 |      0 |      0 |   1 |  155.0 |
               +--------+--------+--------+--------+--------+-----+--------+

Top non-repeatable levels by time:
     D:4: 2428 daAuts
    D:13: 2216 daAuts
    D:11: 1664 daAuts
     D:5: 1622 daAuts
     D:8: 1478 daAuts
     D:7: 1376 daAuts
     D:3: 1296 daAuts
    D:10: 1095 daAuts
    D:12: 1082 daAuts
     D:9: 968 daAuts
     D:1: 905 daAuts
     D:6: 757 daAuts
     D:2: 735 daAuts
    D:14: 509 daAuts
  Temple: 155 daAuts
